 Dungeon Crawl Stone Soup version 0.19-a0-1065-gdac414d (webtiles) character file.

39 Musica the Sneak (level 3, 0/24 HPs)
             Began as an Octopode Assassin on Aug 4, 2016.
             Slain by a hobgoblin (6 damage)
             ... led by Robin
             ... on level 3 of the Dungeon.
             The game lasted 00:03:07 (1089 turns).

Musica the Sneak (Octopode Assassin)                Turns: 1089, Time: 00:03:19

Health: 0/24       AC:  1    Str: 10    XL:     3   Next: 47%
Magic:  3/3        EV: 13    Int: 13    God:
Gold:   47         SH:  0    Dex: 14    Spells: 0 memorised, 2 levels left

rFire  . . .     SeeInvis .     a - +2 dagger
rCold  . . .     Gourm    .     (no shield)
rNeg   . . .     Faith    .     (helmet restricted)
rPois  .         Spirit   .     (no amulet)
rElec  .         Dismiss  .     (no ring)
rCorr  .         Reflect  .     (no ring)
SustAt .         Harm     .     (no ring)
MR     .....                    (no ring)
Stlth  +++++.....               (no ring)
                                (no ring)
                                (no ring)
                                (no ring)

@:
A: almost no armour, amphibious, 8 rings, constrict 8, camouflage 1, gelatinous
body 1
a: no special abilities


You were on level 3 of the Dungeon.
You were hungry.

You visited 1 branch of the dungeon, and saw 3 of its levels.

You collected 47 gold pieces.

Inventory:

Hand Weapons
 a - a +2 dagger (weapon)
 b - a +0 blowgun
 e - a +1 dagger of holy wrath
Missiles
 c - 7 poisoned needles
 d - 2 curare-tipped needles
Scrolls
 g - 2 scrolls of identify {unknown}
 h - 2 scrolls of enchant weapon {unknown}
 i - 2 scrolls of recharging {unknown}
 r - a scroll of remove curse {unknown}
 s - a scroll of amnesia {unknown}
Potions
 j - a potion of cure mutation {unknown}
 k - 2 potions of degeneration {unknown}
 l - a potion of beneficial mutation {unknown}
 m - a potion of agility {unknown}
 n - a potion of lignification {unknown}
 t - a potion of magic {unknown}
Comestibles
 f - 2 bread rations
 o - 2 meat rations
 p - 2 chunks of flesh
 q - 4 fruits


   Skills:
 - Level 2.0 Fighting
 + Level 2.2 Short Blades
 + Level 2.0 Throwing
 - Level 1.0 Dodging
 + Level 6.8 Stealth


You had 2 spell levels left.
You didn't know any spells.

Dungeon Overview and Level Annotations

Branches:
Dungeon (3/15)

Altars:

Annotations:
D:3 Robin


Innate Abilities, Weirdness & Mutations

You cannot wear most types of armour.
You are amphibious.
You can wear up to eight rings at the same time.
You can use your tentacles to constrict eight enemies at once.
Your skin changes colour to match your surroundings (Stealth+).
Your rubbery body absorbs attacks. (AC +1, EV +1)


Message History

You kill the goblin!
The hobgoblin shouts!
The goblin shouts! x3; You hear a shout! x8
The goblin moves out of view.
Robin throws the goblin at you! The goblin hits you.
The goblin barely misses you.
You closely miss the goblin.
The hobgoblin shouts!
Your grab misses the goblin.
Robin hits you from afar with a trident!
The goblin hits you with a club.
* * * LOW HITPOINT WARNING * * *
You barely miss the goblin. You grab the goblin. You constrict the goblin.
The goblin misses you.
You hit the goblin. You squeeze the goblin.
You kill the goblin!
Robin roars a battlecry!
The goblins go into a battle-frenzy!
Robin completely misses you. The goblin misses you.
The goblin hits you but does no damage. The hobgoblin hits you.
You die...

.#.##.........
..#.. ......<#
..$ .#..
....#.## ...
... ### .. ...
#.. g.# .<.
#...
####..##..##.#
##.#
..........g..
.<
##....gg#gg#
...
#......g#g#
...
..#....#@g#
#.#..<..# ..
#.....# .
#..#..#
##....# #.....
#.#....
####.... .....


You could see Robin, 2 hobgoblins and 5 goblins.

Vanquished Creatures
  A worm (D:2)
  3 giant geckos (D:2)
  A ball python (D:2)
  A giant cockroach (D:1)
  6 goblins
  2 hobgoblins
  2 jackals (D:2)
  5 kobolds
  A quokka (D:2)
  6 bats
  A giant newt (D:2)
  4 rats
33 creatures vanquished.

Notes
Turn   | Place    | Note
-------+----------+-------------------------------------------
     0 | D:1      | Musica the Octopode Assassin began the quest for the Orb.
     0 | D:1      | Reached XP level 1. HP: 14/14 MP: 1/1
   405 | D:1      | Reached XP level 2. HP: 19/19 MP: 2/2
   414 | D:1      | Reached skill level 6 in Stealth
   759 | D:2      | Reached XP level 3. HP: 19/24 MP: 3/3
  1081 | D:3      | Noticed Robin
  1089 | D:3      | Slain by a hobgoblin

Vault maps used:
D:1:      roderic_chinese_lattice_arrival, minmay_crystal_water
D:2:      first_bread, st_stairs_9, uniq_crazy_yiuf_cottage
D:3:      lemuel_crystal_altar, uniq_robin

Skill      XL: |  1  2 |
---------------+-------+-----
Stealth        | 6 |  6.8
Fighting       | |  2.0
Short Blades   | |  2.2
Throwing       | |  2.0
Dodging        | |  1.0

Action                   || total
-------------------------++-------
Melee: Dagger            ||    63
       Constrict         ||    16
       Tentacles         ||     5
 Fire: Blowgun           ||     3
 Stab: Sleeping          ||    10
Armor: Skin              ||     9
Dodge: Dodged            ||    36
